 Dungeon Crawl Stone Soup version 0.31-a0-459-gc8a9bf3d51 (webtiles) character file.

Game seed: 16401255874581857141

32925 Ethylacetat the Mimic (level 13, -10/86 HPs)
             Began as a Vine Stalker Monk on Aug 3, 2023.
             Mangled by an entropy weaver (11 damage)
             ... in a Gauntlet on Aug 4, 2023.
             The game lasted 00:52:46 (12760 turns).

Ethylacetat the Mimic (Vine Stalker Monk)          Turns: 12760, Time: 00:52:47

Health: -10/86     AC: 10    Str: 19    XL:     13   Next: 67%
Magic:  0/35       EV: 17    Int: 10    God:
Gold:   592        SH:  0    Dex: 22    Spells: 28/28 levels left

rFire   . .          .
                       - Unarmed
rCold   . . .        (shield currently unavailable)
rNeg    . . .        p - melded +0 shadow dragon scales
rPois   .            (helmet currently unavailable)
rElec   .            (cloak currently unavailable)
rCorr   .            (gloves currently unavailable)
SInv    .            (boots currently unavailable)
Will    +....        y - amulet of regeneration
Stlth   ++++         F - ring of magical power
HPRegen 1.94/turn    I - +5 ring of evasion
MPRegen 0.24/turn

%: no teleportation, guardian spirit
@: snake-form
A: constrict, boosted hp, large, (fangs 3), regeneration 1, magic shield,
(antimagic bite), no potion heal 2
a: Begin Untransformation


You were in a Gauntlet.
You were an enormous anaconda.
You visited 3 branches of the dungeon, and saw 16 of its levels.
You also visited: Gauntlet and Ice Cave.

You collected 806 gold pieces.
You spent 214 gold pieces at shops.

Inventory:

Hand Weapons
 c - a +2 morningstar of freezing
Missiles
 d - 20 poisoned darts (quivered)
 K - a curare-tipped dart
Armour
 a - a +2 hat
 e - a +1 tower shield of cold resistance
 p - +0 shadow dragon scales (melded)
 E - the +1 pair of boots "Yraolarch" {Str+3 Dex+5}
   (You found it on level 1 of the Lair of Beasts)

   Str:       It affects your strength (+3).
   Dex:       It affects your dexterity (+5).
Jewellery
 q - the ring "Soehaiw" {Wiz Int+9 Stlth-}
   (You found it in a Gauntlet)

   [ring of wizardry]

   It improves your spell success rate.
   Int:       It affects your intelligence (+9).
   Stlth:     It makes you less stealthy.
 u - a ring of protection from fire
 y - an amulet of regeneration (around neck)
 F - a ring of magical power (left hand)
 I - a +5 ring of evasion (right hand)
 L - a ring of poison resistance
 P - the amulet of Curiosity {Faith rC++}
   (You found it on level 11 of the Dungeon)

   [amulet of faith]

   It allows you to gain divine favour quickly.
   rC:        It greatly protects you from cold.
Talismans
 m - a serpent talisman (active)
Wands
 h - a wand of light (11)
 j - a wand of mindburst (14)
 o - a wand of flame (13)
 C - a wand of digging (5)
 M - a wand of iceblast (6)
 N - a wand of polymorph (15)
 O - a wand of charming (1)
Scrolls
 f - 5 scrolls of teleportation
 i - 2 scrolls of amnesia
 l - 4 scrolls of enchant armour
 w - 2 scrolls of enchant weapon
 z - 4 scrolls of fear
 A - 3 scrolls of blinking
 B - a scroll of fog
 H - a scroll of brand weapon {unknown}
Potions
 b - 6 potions of curing
 g - 3 potions of enlightenment
 k - 3 potions of ambrosia
 n - 2 potions of invisibility {unknown}
 r - 6 potions of brilliance
 t - a potion of attraction {unknown}
 x - 2 potions of berserk rage {unknown}
 G - a potion of lignification {unknown}
 J - 2 potions of heal wounds {unknown}
Miscellaneous
 v - a phial of floods


   Skills:
 * Level 10.5 Fighting
 - Level 1.1 Short Blades
 + Level 4.4 Dodging
 + Level 5.8 Stealth
 * Level 11.3 Unarmed Combat
 * Level 8.1 Spellcasting
 * Level 11.7 Shapeshifting


You had 28 spell levels left.
You didn't know any spells.
Your spell library contained the following spells:

 Spells                   Type           Power      Damage    Failure   Level
 Foxfire                  Conj/Fire      16%        2x1d4     17%         1
 Shock                    Conj/Air       16%        1d4       17%         1
 Blink                    Tloc           8%         N/A       26%         2
 Cigotuvi's Dreadful Rot  Necr/Pois/Air  8%         N/A       26%         2
 Lesser Beckoning         Tloc           8%         N/A       26%         2
 Momentum Strike          Conj/Tloc      8%         3d8       26%         2
 Gell's Gravitas          Tloc           4%         N/A       45%         3
 Hailstorm                Conj/Ice       4%         3d4       45%         3
 Ignite Poison            Fire/Tmut/Pois 4%         N/A       45%         3
 Portal Projectile        Hex/Tloc       8%         N/A       45%         3
 Swiftness                Air            4%         N/A       45%         3
 Teleport Other           Tloc           4%         N/A       45%         3
 Tukima's Dance           Hex            4%         N/A       45%         3
 Airstrike                Air            2%         2d(1-17)  86%         4
 Animate Dead             Necr           4%         N/A       86%         4
 Iskenderun's Mystic Bla  Conj/Tloc      4%         2d3       86%         4
 Summon Ice Beast         Ice/Summ       4%         N/A       86%         4
 Borgnjor's Vile Clutch   Necr/Erth      2%         N/A       99%         5
 Freezing Cloud           Conj/Ice/Air   2%         6-21      99%         5
 Death Channel            Necr           2%         N/A       100%        6
 Simulacrum               Ice/Necr       2%         N/A       100%        6


Dungeon Overview and Level Annotations

Branches:
Dungeon (13/15)            Temple (1/1) D:7            Lair (2/5) D:9
    Orc (0/2) D:12          IceCv (visited)         Gauntlet (1/1)
  Swamp: Lair:2-3    Shoals: Lair:2-3     Snake: Lair:2-3    Spider: Lair:2-3
 Vaults: D:13-14

Altars:
Ashenzari
Cheibriados
Dithmenos
Elyvilon
Fedhas
Gozag
Hepliaklqana
Kikubaaqudgha
Makhleb
Nemelex Xobeh
Okawaru
Qazlal
Ru
Sif Muna
Trog
Uskayaw
Vehumet
Wu Jian
Xom
Yredelemnul
Zin
The Shining One

Shops:
D:5 **   D:11 ?*(

Annotations:
Gauntlet 9 transporters, 16 runed translucent doors


Innate Abilities, Weirdness & Mutations

You are an enormous anaconda.
You have a powerful constriction melee attack.
Your maximum health is increased.
Your armour is entirely melded.
You are incapable of wielding weapons or throwing items.
((You have razor-sharp teeth.))
Your natural rate of healing is unusually fast.
When hurt, damage is shared between your health and your magic reserves.
((Your bite disrupts and absorbs the magic of your enemies.))
Potions cannot restore your health.


Message History

You feel sick. The entropy weaver barely misses you.
The entropy weaver hits you!
The entropy weaver closely misses you. x2
You lash the entropy weaver! You grab the entropy weaver.
The entropy weaver is lightly wounded.
You constrict the entropy weaver.
You feel sick.
The entropy weaver completely misses you.
The entropy weaver closely misses you. The entropy weaver hits you!
* * * LOW HITPOINT WARNING * * *
The entropy weaver hits you!
* * * LOW HITPOINT WARNING * * *
Okay, then.
You are confused.
Your system rejects the healing.
You feel invigorated.
You constrict the entropy weaver.
You feel sick.
You are no longer poisoned.
The entropy weaver hits you!
* * * LOW HITPOINT WARNING * * *
The entropy weaver closely misses you. The entropy weaver hits you.
* * * LOW HITPOINT WARNING * * *
The entropy weaver hits you!
* * * LOW HITPOINT WARNING * * *
You release your grip on the entropy weaver.
The entropy weaver hits you!
* * * LOW HITPOINT WARNING * * *
The entropy weaver hits you but does no damage. x2
The entropy weaver hits you.
You're too confused to move!
You feel less invigorated.
You feel less confused.
The entropy weaver points at you and mumbles some strange words.
The entropic weave corrodes you!
Your magical effects are unravelling.
You feel magically purged.
You are no longer corroded.
The entropy weaver completely misses you.
The entropy weaver hits you.
* * * LOW HITPOINT WARNING * * *
The entropy weaver hits you!
* * * LOW HITPOINT WARNING * * *
The entropy weaver closely misses you. The entropy weaver hits you!
You die...

#≈...###########..........
##...#..[=©.!..#...#######
#≈...#.........#...#..=©$?
##...#..#+++#..#...#.#...#
#≈...#''#...#++#...#.#...#
##.8.#..'...+..#.8.#.##©##
#≈...#..'...+..#...#2.#.#.
##...#++#+#†#++#...####.##
#≈...#..+SB.+..#...#.....4
##...#..+.©.+..#...#######
#≈...###########.....#.©.#
##......#.©.#........#...#
##.8...#.8.#...8....#.©.#
#≈.....#.©.#.....########
##...#########...#x.!}©."
#≈...#©#.#...#...##.##.##
##...##=.#.#.#...##x#####


You could see an entropy weaver.

Vanquished Creatures
  A reaper (IceCv)
  A hydra (Lair:1)
  3 boulder beetles
  A centaur warrior (D:9)
  A two-headed ogre (D:10)
  3 sixfirhies (Gauntlet)
  2 ugly things
  2 deep elf pyromancers (D:13)
  A wolf spider (Gauntlet)
  2 cyclopes (D:12)
  A manticore (D:13)
  Joseph (D:7)
  2 ice statues (IceCv)
  2 black mambas (Lair:1)
  A rime drake (Lair:1)
  2 cane toads (Lair:1)
  An unseen horror (D:11)
  A gargoyle (D:12)
  A freezing wraith (IceCv)
  2 efreet (D:13)
  2 komodo dragons
  6 ice devils (IceCv)
  3 trolls
  A queen bee (D:10)
  A hornet (D:10)
  A shadow (D:9)
  Grum (D:8)
  52 yaks
  A basilisk (D:12)
  7 vampire mosquitoes
  4 wyverns
  A death yak simulacrum (D:12)
  A harpy simulacrum (IceCv)
  A redback (Gauntlet)
  3 acid dragons
  7 water moccasins
  3 black bears
  2 ogres
  5 orc warriors
  3 swamp drakes
  10 wolves
  A phantom (D:6)
  3 centaurs
  A kobold brigand (D:8)
  9 bullfrogs
  A gnoll sergeant (D:9)
  2 cane toad simulacra
  4 scorpions
  12 wights
  2 elephant simulacra (IceCv)
  18 killer bees
  8 howler monkeys
  An electric eel (D:10)
  3 hounds
  Crazy Yiuf (D:3)
  9 orc priests
  A gnoll bouda (D:7)
  2 sleepcaps
  5 iguanas
  Natasha (thrice) (D:2)
  7 orc wizards
  6 spriggan simulacra
  4 polar bear simulacra
  3 troll simulacra (IceCv)
  2 wolf simulacra (IceCv)
  8 gnolls
  A naga simulacrum (D:12)
  9 adders
  3 white imps
  3 ufetubi (IceCv)
  7 worms
  A dart slug (D:3)
  33 orcs
  7 ball pythons
  9 bats
  7 endoplasms
  4 giant cockroaches
  11 goblins
  9 hobgoblins
  A jackal (D:2)
  4 quokkas (D:1)
  3 frilled lizards
  14 kobolds
  8 rats
396 creatures vanquished.

Vanquished Creatures (others)
  A yak (Lair:1)
  A two-headed ogre simulacrum (IceCv)
  2 orcs (D:12)
4 creatures vanquished.

Grand Total: 400 creatures vanquished

Notes
Turn   | Place    | Note
-------+----------+-------------------------------------------
     0 | D:1      | Ethylacetat the Vine Stalker Monk began the quest for the
                  | Orb.
     0 | D:1      | Reached XP level 1. HP: 11/11 MP: 2/2
   201 | D:1      | Reached XP level 2. HP: 16/16 MP: 4/4
   205 | D:1      | Reached skill level 1 in Spellcasting
   524 | D:1      | Reached skill level 1 in Short Blades
   547 | D:1      | Reached XP level 3. HP: 20/20 MP: 5/5
   800 | D:2      | Noticed Natasha
   805 | D:2      | Killed Natasha
   846 | D:2      | Found a faded altar of an unknown god.
   853 | D:2      | Reached skill level 1 in Shapeshifting
   863 | D:2      | Got Plato's Catalogue of Lava
   875 | D:2      | Gained mutation: Your natural rate of healing is unusually
                  | fast. [Vine Stalker growth]
   875 | D:2      | Reached XP level 4. HP: 5/24 MP: 6/6
   888 | D:2      | Noticed Natasha
   894 | D:2      | Killed Natasha
   918 | D:2      | Noticed Natasha
   925 | D:2      | Killed Natasha
  1109 | D:2      | Reached XP level 5. HP: 9/28 MP: 7/7
  1314 | D:3      | Found a runed translucent door.
  1315 | D:3      | Noticed Crazy Yiuf
  1320 | D:3      | Killed Crazy Yiuf
  1423 | D:3      | Identified the +12 trident of the Sky {flame, *Slow rElec
                  | rN+}
  1570 | D:3      | Reached XP level 6. HP: 14/33 MP: 8/8
  1950 | D:3      | Found an ornate altar of the Wu Jian Council.
  2037 | D:3      | Identified the +8 whip of Imbalance {heavy, rCorr Dex+4}
  2967 | D:5      | Entered Level 5 of the Dungeon
  3047 | D:5      | Reached XP level 7. HP: 20/37 MP: 7/9
  3348 | D:5      | Found Aharch Yryn's General Store.
  3350 | D:5      | Found Kogu's Specific Store.
  3382 | D:5      | Bought a scroll of noise for 13 gold pieces
  3449 | D:5      | Found a bloodstained altar of Trog.
  3473 | D:5      | Found a sparkling altar of Nemelex Xobeh.
  3685 | D:5      | Reached skill level 5 in Unarmed Combat
  3685 | D:5      | Gained mutation: You have razor-sharp teeth. [Vine Stalker
                  | growth]
  3685 | D:5      | Reached XP level 8. HP: 28/42 MP: 10/10
  3877 | D:6      | Reached skill level 5 in Fighting
  3912 | D:6      | Reached skill level 5 in Shapeshifting
  4686 | D:7      | Reached XP level 9. HP: 41/48 MP: 11/11
  4835 | D:7      | Noticed Joseph
  4853 | D:7      | Killed Joseph
  5041 | D:7      | Found a shadowy altar of Dithmenos.
  5076 | D:7      | Found a staircase to the Ecumenical Temple.
  5085 | Temple   | Entered the Ecumenical Temple
  5175 | D:7      | Noticed a boulder beetle
  5190 | D:7      | Killed a boulder beetle
  5336 | D:8      | Noticed Grum
  5378 | D:8      | Reached XP level 10. HP: 53/53 MP: 10/12
  5382 | D:8      | Killed Grum
  6201 | D:9      | Found a staircase to the Lair.
  6672 | D:9      | Noticed a centaur warrior
  6685 | D:9      | Killed a centaur warrior
  6767 | D:9      | Found a hide-covered altar of Uskayaw.
  6769 | D:9      | Noticed a +0 hand axe
  6770 | D:9      | Noticed a +0 dagger
  6823 | D:10     | Entered Level 10 of the Dungeon
  6830 | D:10     | Noticed a green ugly thing
  6840 | D:10     | Killed a green ugly thing
  6841 | D:10     | Reached XP level 11. HP: 59/60 MP: 14/16
  7258 | D:10     | Noticed a two-headed ogre
  7266 | D:10     | Killed a two-headed ogre
  7425 | D:10     | Paralysed by a hornet for 1 turns
  7441 | D:10     | Found a stormy altar of Qazlal.
  7497 | D:10     | Reached skill level 10 in Shapeshifting
  8019 | D:11     | Found an opulent altar of Gozag.
  8138 | D:11     | Noticed a boulder beetle
  8154 | D:11     | Killed a boulder beetle
  8284 | D:11     | Identified the amulet of Curiosity {Faith rC++}
  8391 | D:11     | Found Zyukkad's Antique Weapon Emporium.
  8399 | D:11     | Noticed a boulder beetle
  8411 | D:11     | Killed a boulder beetle
  8619 | D:11     | Found Wigurgh's Assorted Antiques.
  8637 | D:11     | Bought 2 dark potions for 43 gold pieces
  8637 | D:11     | Bought a scroll of identify for 48 gold pieces
  8650 | D:11     | Identified the +1 robe of Inevitability {Dex+2}
  8741 | D:11     | Found Jysaizxa's Magic Scroll Emporium.
  8744 | D:11     | Bought a scroll of identify for 22 gold pieces
  8744 | D:11     | Bought a scroll of identify for 22 gold pieces
  8744 | D:11     | Bought a scroll of fear for 44 gold pieces
  8744 | D:11     | Bought a scroll of identify for 22 gold pieces
  9001 | D:12     | Found a frozen archway.
  9050 | IceCv    | Entered an ice cave
  9132 | IceCv    | Reached skill level 5 in Spellcasting
  9180 | IceCv    | Reached skill level 1 in Stealth
  9255 | IceCv    | Reached XP level 12. HP: 59/66 MP: 16/20
  9473 | IceCv    | Noticed a reaper
  9498 | IceCv    | Killed a reaper
  9711 | D:12     | Reached skill level 10 in Unarmed Combat
 10121 | D:12     | Found a staircase to the Orcish Mines.
 11385 | Lair:1   | Entered Level 1 of the Lair of Beasts
 11394 | Lair:1   | Reached XP level 13. HP: 72/72 MP: 24/24
 11436 | Lair:1   | Identified the +1 pair of boots "Yraolarch" {Str+3 Dex+5}
 11472 | Lair:1   | Reached skill level 10 in Fighting
 11779 | Lair:1   | Reached skill level 5 in Stealth
 12326 | Lair:2   | Found a gate leading to a gauntlet.
 12392 | Gauntlet | Entered a Gauntlet
 12392 | Gauntlet | Found a transporter.
 12418 | Gauntlet | Found a transporter.
 12419 | Gauntlet | Found a transporter.
 12420 | Gauntlet | Found a transporter.
 12423 | Gauntlet | Found a transporter.
 12424 | Gauntlet | Found a transporter.
 12432 | Gauntlet | Found a transporter.
 12433 | Gauntlet | Found a transporter.
 12435 | Gauntlet | Noticed a reaper
 12449 | Gauntlet | Found a large runed translucent door.
 12449 | Gauntlet | Found a large runed translucent door.
 12450 | Gauntlet | Found a large runed translucent door.
 12451 | Gauntlet | Found a large runed translucent door.
 12452 | Gauntlet | Found a runed translucent gate.
 12453 | Gauntlet | Found a transporter.
 12453 | Gauntlet | Found a runed translucent gate.
 12454 | Gauntlet | Found a runed translucent gate.
 12454 | Gauntlet | Found a large runed translucent door.
 12455 | Gauntlet | Found a large runed translucent door.
 12455 | Gauntlet | Found a large runed translucent door.
 12456 | Gauntlet | Found a large runed translucent door.
 12456 | Gauntlet | Noticed an entropy weaver
 12457 | Gauntlet | Found a large runed translucent door.
 12466 | Gauntlet | Found a large runed translucent door.
 12466 | Gauntlet | Found a large runed translucent door.
 12466 | Gauntlet | Found a runed translucent door.
 12466 | Gauntlet | Found a runed translucent door.
 12467 | Gauntlet | Found a large runed translucent door.
 12468 | Gauntlet | Found a large runed translucent door.
 12470 | Gauntlet | Found a transporter.
 12474 | Gauntlet | Found a transporter.
 12477 | Gauntlet | Found a large runed translucent door.
 12477 | Gauntlet | Found a large runed translucent door.
 12482 | Gauntlet | Found a transporter.
 12510 | Gauntlet | Found a large runed translucent door.
 12722 | Gauntlet | Identified the ring "Soehaiw" {Wiz Int+9 Stlth-}
 12758 | Gauntlet | HP: 2/86 [entropy weaver (6)]
 12760 | Gauntlet | Mangled by an entropy weaver

Illustrated notes

Levels and vault maps discovered:
D:1:      elethiomel_arrival_maze, layout_basic
D:2:      layout_basic, shapermc_ecumenical_altar_rom_forum, st_stairs_3,
          minmay_mini_jars, uniq_natasha
D:3:      layout_loops_ring, pdpol_wu_jian_five_deadly_venoms,
          minmay_door_square, hex_tiny, chequers_serial_rivers_large_b,
          minmay_vboxes, uniq_crazy_yiuf_cottage
D:4:      layout_layer_cave, minmay_parallelograms
D:5:      layout_loops_cross, lemuel_coloured_pillars_altar,
          overflow_temple_1_default, minmay_misc_feat_iff, nicolae_sextant,
          nicolae_specific_store
D:6:      layout_basic, serial_bayou, serial_bayou_pond_e, serial_bayou_pond_c,
          serial_bayou_pond_d, serial_bayou_pond_b
D:7:      layout_basic, mainiacjoe_overflow_catwalk,
          minmay_temple_entry_gardened_gates, uniq_joseph
D:8:      layout_loops_ring, uniq_grum
D:9:      layout_cave_pools, dancing_weapons_uskayaw,
          grunt_lair_entry_orc_guard_hut
D:10:     layout_basic, marbit_many_paths, serial_bayou, serial_bayou_pond_c,
          serial_bayou_crossing, serial_bayou_pond_d, serial_bayou_shore_a,
          hive_lemuel
D:11:     layout_basic, serial_shops, nicolae_shop_rolled_up, shop, shop,
          nicolae_gozag_cash_rules_everything_around_me
D:12:     layout_irregular_city, erik_orc_1, portal_ice_cave_entry_ice_simulacra
D:13:     layout_basic
Temple:   eino_temple_scatter_basement
Lair:1:   layout_misc_corridors, pond, grunt_megastairs_5
Lair:2:   layout_cellular_growth, ebering_ghost_xom, gauntlet_entry_generic,
          nicolae_quartered_pool_super, minivault_26,
          infiniplex_staircase_pool_2
Gauntlet: minmay_gauntlet_mixed_oops_all_seconds
          [minmay_gauntlet_arena_77_checkered, gammafunk_gauntlet_arena_crates,
          minmay_gauntlet_arena_77_radiant_squares,
          gammafunk_gauntlet_arena_corners, minmay_gauntlet_arena_77_mirror,
          minmay_gauntlet_arena_make_your_own_arena, gauntlet_exit_watery]

Skill      XL: |  1  2  3  4  5  6  7  8  9 10 11 12 13 |
---------------+----------------------------------------+-----
Spellcasting   | 1 3 5 7 8 |  8.1
Fighting       | 3 4 5 6 8 9 10 | 10.5
Short Blades   | 1 |  1.1
Shapeshifting  | 1 2 3 4 6 7 9 10 11 | 11.7
Unarmed Combat | 4 5 6 7 8 9 10 11 | 11.3
Stealth        | 1 4 5 |  5.8
Dodging        | 3 4 |  4.4

Action                     |  1- 3 |  4- 6 |  7- 9 | 10-12 | 13-15 || total
---------------------------+-------+-------+-------+-------+-------++-------
  Melee: Dagger            |    36 |       |       |       |       ||    36
         Unarmed           |    20 |   129 |   162 |   607 |   203 ||  1121
         Bite              |    14 |       |       |       |       ||    14
         Constrict         |     4 |    29 |    41 |   136 |    49 ||   259
  Throw: Dart              |     1 |       |       |       |       ||     1
  Evoke: Wand              |       |       |       |     9 |       ||     9
    Use: Potion            |       |       |     1 |     1 |     4 ||     6
         Scroll            |       |       |       |    18 |     1 ||    19
   Stab: Sleeping          |       |     5 |     3 |     2 |     2 ||    12
         Invisible         |       |       |       |     4 |       ||     4
         Confused          |       |       |       |       |     4 ||     4
 Armour: Skin              |     3 |    50 |    70 |   135 |    61 ||   319
  Dodge: Dodged            |    20 |    65 |   111 |   353 |   178 ||   727
  Block: Orb               |     5 |       |       |       |       ||     5
         Other             |     3 |       |       |       |       ||     3
   Form: Anaconda          |     1 |       |       |     1 |       ||     2
                           |       |       |       |     1 |       ||     1

Table legend: (Time is in decaauts)
 A = Elapsed time spent in this place.
 B = Non-inter-level travel time spent in this place.
 C = Inter-level travel time spent in this place.
 D = Time resting spent in this place.
 E = Time spent auto-exploring this place.
 F = Levels seen in this place.
 G = Mean time per level.
                   A        B        C        D        E       F      G
               +--------+--------+--------+--------+--------+-----+--------+
         Total |  12539 |  12060 |    479 |    342 |   8331 |  18 |  696.6 |
       Dungeon |  10684 |  10234 |    450 |    197 |   7615 |  13 |  821.8 |
        Temple |      1 |      1 |      0 |      0 |      0 |   1 |    1.0 |
          Lair |    968 |    939 |     29 |     19 |    555 |   2 |  484.0 |
      Ice Cave |    541 |    541 |      0 |    104 |      0 |   1 |  541.0 |
      Gauntlet |    344 |    344 |      0 |     22 |    161 |   1 |  344.0 |
               +--------+--------+--------+--------+--------+-----+--------+

Top non-repeatable levels by time:
    D:10: 1194 daAuts
    D:12: 1064 daAuts
    D:11: 946 daAuts
     D:3: 911 daAuts
  Lair:1: 814 daAuts
     D:5: 812 daAuts
     D:7: 810 daAuts
     D:1: 767 daAuts
     D:8: 759 daAuts
     D:6: 758 daAuts
     D:4: 728 daAuts
     D:9: 710 daAuts
    D:13: 691 daAuts
   IceCv: 541 daAuts
     D:2: 528 daAuts
